 Dungeon Crawl Stone Soup version 0.29-a0-380-gf50f0a9fbc (webtiles) character file.

Game seed: 15998289649282574662

413 Antichthon the Bolt Thrower (level 7, -2/52 HPs)
             Began as a Formicid Hunter on May 5, 2022.
             Slain by Edmund
             ... wielding a +1 flail of protection
              (7 damage)
             ... on level 5 of the Dungeon.
             The game lasted 00:11:12 (4439 turns).

Antichthon the Bolt Thrower (Formicid Hunter)       Turns: 4439, Time: 00:11:13

Health: -2/52      AC:  7    Str: 16    XL:     7   Next: 14%
Magic:  8/8        EV: 10    Int:  8    God:
Gold:   200        SH:  0    Dex: 16    Spells: 6/6 levels left

rFire   . . .      SeeInvis +   a - +3 arbalest (vorpal)
rCold   + . .      Faith    .   (no shield)
rNeg    . . .      Spirit   .   l - +0 scale mail
rPois   .          Reflect  .   (helmet unavailable)
rElec   .          Harm     .   g - +0 cloak
rCorr   .          Rampage  .   (no gloves)
Will    .....                   (no boots)
Stlth   +.........              (no amulet)
HPRegen 0.17/turn               f - ring of protection from cold
MPRegen 0.11/turn               (no ring)

@: no status effects
A: permanent stasis, dig shafts and tunnels, antennae 3, four strong arms
a: Dig, Shaft Self


You were on level 5 of the Dungeon.
You visited 1 branch of the dungeon, and saw 5 of its levels.

You collected 200 gold pieces.

Inventory:

Hand Weapons
 a - a +3 vorpal arbalest (weapon)
Armour
 g - a +0 cloak (worn)
 l - a +0 scale mail (worn)
Jewellery
 f - a ring of protection from cold (left hand)
 i - an amulet of regeneration
 k - a ring of willpower
Scrolls
 c - 2 scrolls of immolation
 d - 2 scrolls of magic mapping
Potions
 b - a potion of attraction {unknown}
 e - 2 potions of curing
 h - a potion of brilliance
 j - 3 potions of lignification
 m - a potion of degeneration {unknown}
 n - a potion of magic {unknown}


   Skills:
 * Level 3.2 Fighting
 * Level 1.0 Long Blades
 * Level 6.3 Crossbows
 * Level 1.9 Armour
 * Level 2.3 Dodging
 * Level 2.3 Stealth
 * Level 1.5 Shields
 * Level 1.8 Invocations


You had 6 spell levels left.
You didn't know any spells.
Your spell library contained the following spells:

 Spells                   Type           Power      Damage    Failure   Level
 Call Canine Familiar     Summ           0%         N/A       99%         3
 Portal Projectile        Hex/Tloc       0%         N/A       99%         3
 Leda's Liquefaction      Hex/Erth       0%         N/A       100%        4


Dungeon Overview and Level Annotations

Branches:
Dungeon (5/15)
 Temple: D:4-7

Altars:
Cheibriados
Elyvilon
Vehumet
Yredelemnul

Shops:
D:3 (

Annotations:
D:5 Edmund


Innate Abilities, Weirdness & Mutations

You cannot be hasted, slowed, berserked, paralysed or teleported.
You can dig through walls and to a lower floor.
You have a pair of large antennae on your head. (SInv)
Your four strong arms can wield two-handed weapons with a shield.


Message History

Shoot: a) +3 arbalest (vorpal)
Press: ? - help, Q - select action, (/) - cycle Shift-Dir - straight line, f/p - Edmund
Aim: Edmund, wielding a +1 flail of protection and wearing a +0 scale mail (moderately wounded, 69% to hit)
You shoot a bolt. The bolt hits Edmund.
Edmund is moderately wounded.
Edmund hits you but does no damage.
Edmund hits you with a +1 flail of protection.
Shoot: a) +3 arbalest (vorpal)
Press: ? - help, Q - select action, (/) - cycle Shift-Dir - straight line, f/p - Edmund
Aim: Edmund, wielding a +1 flail of protection and wearing a +0 scale mail (moderately wounded, 69% to hit)
You shoot a bolt.
The bolt hits Edmund but does no damage.
Edmund is moderately wounded.
Edmund barely misses you.
Edmund hits you with a +1 flail of protection.
Okay, then.
Shoot: a) +3 arbalest (vorpal)
Press: ? - help, Q - select action, (/) - cycle Shift-Dir - straight line, f/p - Edmund
Aim: Edmund, wielding a +1 flail of protection and wearing a +0 scale mail (moderately wounded, 69% to hit)
You shoot a bolt. The bolt barely misses Edmund.
Edmund hits you with a +1 flail of protection!
Shoot: a) +3 arbalest (vorpal)
Press: ? - help, Q - select action, (/) - cycle Shift-Dir - straight line, f/p - Edmund
Aim: Edmund, wielding a +1 flail of protection and wearing a +0 scale mail (moderately wounded, 69% to hit)
You shoot a bolt.
The bolt hits Edmund but does no damage.
Edmund is moderately wounded.
Edmund hits you with a +1 flail of protection!
* * * LOW HITPOINT WARNING * * *
Edmund hits you but does no damage.
Shoot: a) +3 arbalest (vorpal)
Press: ? - help, Q - select action, (/) - cycle Shift-Dir - straight line, f/p - Edmund
Aim: Edmund, wielding a +1 flail of protection and wearing a +0 scale mail (moderately wounded, 69% to hit)
You shoot a bolt.
The bolt hits Edmund but does no damage.
Edmund is moderately wounded.
Edmund hits you with a +1 flail of protection.
* * * LOW HITPOINT WARNING * * *
Edmund hits you with a +1 flail of protection!
You die...

#.### #.# #...# ##.#
#...# ..# #...# ..#..
#...# ..#.. #.###
#.#.# #.# #.#.######
#.# #####@#......#
#.#######....@.......#
#.(..................+
#....................+
#........##'#'#......+
#...(....##.#.#.######
#........##.#.#.#
#.#'#######.#.#.#
#.#.# #.#.#.# #.#.#
#.#.#.#


You could see Edmund.

Vanquished Creatures
  A scorpion (D:4)
  2 orc priests
  Terence (D:3)
  An iguana (D:3)
  2 orc wizards (D:3)
  Robin (D:2)
  7 adders
  4 worms
  5 dart slugs
  10 orcs
  7 ball pythons
  3 endoplasms
  4 giant cockroaches
  8 goblins
  13 hobgoblins
  4 jackals
  4 kobolds
  6 quokkas
  3 bats
  3 frilled lizards
  2 rats (D:3)
91 creatures vanquished.

Notes
Turn   | Place    | Note
-------+----------+-------------------------------------------
     0 | D:1      | Antichthon the Formicid Hunter began the quest for the Orb.
     0 | D:1      | Reached XP level 1. HP: 16/16 MP: 1/1
    97 | D:1      | Reached XP level 2. HP: 22/22 MP: 2/2
   359 | D:1      | Found a faded altar of an unknown god.
   782 | D:2      | Reached XP level 3. HP: 26/28 MP: 3/3
  1131 | D:2      | Noticed Robin
  1134 | D:2      | Killed Robin
  1135 | D:2      | Reached skill level 5 in Crossbows
  1140 | D:2      | Reached XP level 4. HP: 34/34 MP: 4/4
  1308 | D:2      | Reached skill level 1 in Armour
  1652 | D:2      | Reached XP level 5. HP: 39/39 MP: 5/5
  1797 | D:3      | Reached skill level 1 in Invocations
  1813 | D:3      | Reached skill level 1 in Shields
  2188 | D:3      | Identified a scroll of acquirement
  2188 | D:3      | Acquired a +3 vorpal arbalest
  2204 | D:3      | Found Yfagio Feel's Weapon Shoppe.
  2221 | D:3      | Found a radiant altar of Vehumet.
  2250 | D:3      | Reached XP level 6. HP: 39/47 MP: 6/6
  2597 | D:3      | Noticed Terence
  2599 | D:3      | Killed Terence
  2744 | D:3      | Found a basalt altar of Yredelemnul.
  2894 | D:3      | Found a white marble altar of Elyvilon.
  3208 | D:3      | Reached skill level 6 in Crossbows
  3657 | D:4      | Reached XP level 7. HP: 52/52 MP: 8/8
  3887 | D:4      | Found a snail-covered altar of Cheibriados.
  4220 | D:5      | Entered Level 5 of the Dungeon
  4272 | D:5      | Reached skill level 1 in Long Blades
  4428 | D:5      | Noticed Edmund
  4439 | D:5      | Slain by Edmund

Illustrated notes

Levels and vault maps discovered:
D:1:      minmay_arrival_plants_in_alcoves, layout_loops_ring,
          ebering_ecumenical_altar_petrified
D:2:      layout_basic, minmay_octomino_j4, uniq_robin
D:3:      minmay_diamond_boxcup, layout_basic, mainiacjoe_overflow_catwalk,
          kennysheep_ying_yang, serial_shops, nicolae_diamond_shop, uniq_terence
D:4:      layout_gridville, chei_slow_surprise
D:5:      minmay_chambers_of_fours, layout_basic, kennysheep_vampire_church,
          serial_shops, nicolae_shop_stone, uniq_blork_the_orc, uniq_edmund,
          uniq_prince_ribbit1

Skill      XL: |  1  2  3  4  5  6  7 |
---------------+----------------------+-----
Crossbows      | 5 6 |  6.3
Armour         | 1 |  1.9
Invocations    | 1 |  1.8
Dodging        | 2 |  2.3
Shields        | 1 |  1.5
Fighting       | 3 |  3.2
Stealth        | 2 |  2.3
Long Blades    | 1 |  1.0

Action                   |  1- 3 |  4- 6 |  7- 9 || total
-------------------------+-------+-------+-------++-------
 Fire: Hand crossbow     |    54 |    94 |       ||   148
       Arbalest          |       |    61 |    21 ||    82
 Abil: Dig               |     1 |       |       ||     1
  Use: Scroll            |     4 |     5 |     2 ||    11
       Potion            |       |     1 |       ||     1
Armor: Leather armour    |    11 |    10 |       ||    21
       Scale mail        |       |     7 |     3 ||    10
Dodge: Dodged            |    18 |    23 |     1 ||    42

Table legend: (Time is in decaauts)
 A = Elapsed time spent in this place.
 B = Non-inter-level travel time spent in this place.
 C = Inter-level travel time spent in this place.
 D = Time resting spent in this place.
 E = Time spent auto-exploring this place.
 F = Levels seen in this place.
 G = Mean time per level.
                   A        B        C        D        E       F      G
               +--------+--------+--------+--------+--------+-----+--------+
         Total |   4531 |   4449 |     82 |    423 |   3354 |   5 |  906.2 |
       Dungeon |   4531 |   4449 |     82 |    423 |   3354 |   5 |  906.2 |
               +--------+--------+--------+--------+--------+-----+--------+

Top non-repeatable levels by time:
     D:3: 1581 daAuts
     D:2: 1005 daAuts
     D:4: 930 daAuts
     D:1: 782 daAuts
     D:5: 231 daAuts
